 Dungeon Crawl Stone Soup version 0.30-a0-465-g8901f6c8b5 (webtiles) character file.

Game seed: 15957340124981117005

8 Bnni the Grave Robber (level 2, 20/20 HPs)
             Began as a Demonspawn Necromancer on Dec 18, 2022.
             Quit the game on level 1 of the Dungeon.
             The game lasted 00:01:17 (434 turns).

Bnni the Grave Robber (Demonspawn Necromancer)       Turns: 434, Time: 00:01:17

Health: 20/20      AC:  3    Str:  8    XL:     2   Next: 0%
Magic:  5/5        EV: 12    Int: 16    God:
Gold:   5          SH:  0    Dex: 13    Spells: 4/5 levels left

rFire   . . .      SeeInvis .    f - +3 whip
rCold   . . .      Faith    .    (no shield)
rNeg    . . .      Spirit   .    a - +0 robe
rPois   .          Reflect  .    (no helmet)
rElec   .          Harm     .    (no cloak)
rCorr   .          Rampage  .    (no gloves)
Will    .....                    d - +0 pair of boots
Stlth   ++........               (no amulet)
HPRegen 0.23/turn                (no ring)
MPRegen 0.09/turn                (no ring)

@: no status effects
A: claws 1
a: no special abilities


You were on level 1 of the Dungeon.
You visited 1 branch of the dungeon, and saw 1 of its levels.

You collected 5 gold pieces.

Inventory:

Hand Weapons
 f - a +3 whip (weapon)
Armour
 a - a +0 robe (worn)
 d - a +0 pair of boots (worn)
Scrolls
 c - a scroll of teleportation {unknown}
Potions
 b - a potion of magic


   Skills:
 + Level 0.5 Fighting
 - Level 1.7 Dodging
 - Level 1.7 Stealth
 + Level 2.1 Spellcasting
 * Level 4.6 Necromancy


You had 4 spell levels left.
You knew the following spells:

 Your Spells              Type           Power      Damage    Failure   Level
a - Necrotise             Necr           64%        1d7       3%          1

Your spell library contained the following spells:

 Spells                   Type           Power      Damage    Failure   Level
 Vampiric Draining        Necr           16%        2d7       9%          3
 Animate Dead             Necr           16%        N/A       30%         4
 Agony                    Necr           16%        N/A       63%         5


Dungeon Overview and Level Annotations

Branches:
Dungeon (1/15)

Altars:


Innate Abilities, Weirdness & Mutations

You have sharp fingernails.


Message History

You now have 5 gold pieces.
You open the door.
There is an open door here.
A ball python comes into view.
A ball python is nearby!
The ball python hisses angrily.
You barely miss the ball python. The ball python misses you.
The ball python grabs you. The ball python constricts you.
The ball python bites you. The ball python constricts you.
You closely miss the ball python. You punch the ball python.
The ball python is heavily wounded.
The ball python bites you. The ball python constricts you.
You hit the ball python.
The ball python is severely wounded.
The ball python bites you. The ball python constricts you.
You hit the ball python.
You kill the ball python!
No target in view!
A frilled lizard comes into view.
The frilled lizard hisses angrily.
A frilled lizard is nearby! 2 frilled lizards come into view.
A frilled lizard comes into view. x2
The frilled lizard moves out of view.
The frilled lizard bites you but does no damage.
You hear an angry hiss.
The frilled lizard hisses angrily.
You hit the frilled lizard.
You kill the frilled lizard!
The frilled lizard bites the plant.
The plant begins to die.
A frilled lizard comes into view.
You hear an angry hiss.
You have reached level 2!
You feel monstrous as your demonic heritage exerts itself.
Your demonic ancestry asserts itself...
Your fingernails lengthen.
You closely miss the frilled lizard.
The frilled lizard bites the plant.
The frilled lizard barely misses you.
You miss the frilled lizard. The frilled lizard closely misses you.
Are you sure you want to abandon this character and quit the game? (Confirm with "yes".)

###........'######...'...........
##....†..#### l..#...####...#.###
#.#.#.###.# P.##.## ##.##.#
#.#...# #.# ..P### ####.#
#.###.###.# ...# #.# ##...#...##
#Pl# #.# ######.## #l. #.# #.#
#l# #.# #)# ##@## #.# #.# ##...##
#.# #.# #.....# #.# #.#
#####...##### #.#
#.###...........#######.#
#......##..####.........#
#####.###..# ########### #.# #.†#
#.###..#


You could see 4 frilled lizards.

Vanquished Creatures
  2 ball pythons (D:1)
  A kobold (D:1)
  5 frilled lizards (D:1)
  A goblin (D:1)
9 creatures vanquished.

Vanquished Creatures (others)
  5 plants (D:1)
5 creatures vanquished.

Grand Total: 14 creatures vanquished

Notes
Turn   | Place    | Note
-------+----------+-------------------------------------------
     0 | D:1      | Bnni the Demonspawn Necromancer began the quest for the
                  | Orb.
     0 | D:1      | Reached XP level 1. HP: 13/13 MP: 3/3
   432 | D:1      | Discovered your monstrous ancestry.
   432 | D:1      | Gained mutation: You have sharp fingernails. [demonic
                  | ancestry]
   432 | D:1      | Reached XP level 2. HP: 20/20 MP: 5/5
   434 | D:1      | Quit the game

Illustrated notes

Levels and vault maps discovered:
D:1:      minmay_arrival_checkered_box, layout_loops_corners, minmay_lizard_king

Action                   || total
-------------------------++-------
Melee: Unarmed           ||     8
       Whip              ||     7
       Club              ||     5
       Punch             ||     1
 Cast: Necrotise         ||     6
 Stab: Sleeping          ||     1
Armor: Robe              ||     3
Dodge: Dodged            ||    10

Table legend: (Time is in decaauts)
 A = Elapsed time spent in this place.
 B = Non-inter-level travel time spent in this place.
 C = Inter-level travel time spent in this place.
 D = Time resting spent in this place.
 E = Time spent auto-exploring this place.
 F = Levels seen in this place.
 G = Mean time per level.
                   A        B        C        D        E       F      G
               +--------+--------+--------+--------+--------+-----+--------+
         Total |    435 |    435 |      0 |      0 |    361 |   1 |  435.0 |
       Dungeon |    435 |    435 |      0 |      0 |    361 |   1 |  435.0 |
               +--------+--------+--------+--------+--------+-----+--------+

Top non-repeatable levels by time:
     D:1: 435 daAuts
